 Dungeon Crawl Stone Soup version 0.29.1-15-g9cfb28693d (webtiles) character file.

Game seed: 606839991842423006

9 leafyfresh the Sneak (level 2, 0/21 HPs)
             Began as an Octopode Delver on Apr 19, 2023.
             Slain by a scorpion (4 damage)
             ... on level 5 of the Dungeon.
             The game lasted 00:00:18 (119 turns).

leafyfresh the Sneak (Octopode Delver)               Turns: 119, Time: 00:00:18

Health: 0/21       AC:  1    Str: 11    XL:     2   Next: 16%
Magic:  2/2        EV: 13    Int: 12    God:
Gold:   0          SH:  0    Dex: 13    Spells: 1/1 levels left

rFire   . . .      SeeInvis .   a - +0 short sword
rCold   . . .      Faith    .   (no shield)
rNeg    . . .      Spirit   .   (helmet restricted)
rPois   .          Reflect  .   (no amulet)
rElec   .          Harm     .   (no ring)
rCorr   .          Rampage  .   (no ring)
Will    .....                   (no ring)
Stlth   ++++......              (no ring)
HPRegen 0.07/turn               (no ring)
MPRegen 0.08/turn               (no ring)
                                (no ring)
                                (no ring)

@: lethally poisoned (0 -> -5)
A: almost no armour, amphibious, 8 rings, camouflage 1, gelatinous body 1,
(nimble swimmer 1), tentacles
a: no special abilities


You were on level 5 of the Dungeon.
You visited 1 branch of the dungeon, and saw 1 of its levels.

Inventory:

Hand Weapons
 a - a +0 short sword (weapon)
Wands
 f - a wand of digging (3)
Scrolls
 b - a scroll of fog
 c - a scroll of magic mapping
 d - a scroll of fear
 g - a scroll of immolation {unknown}
Potions
 e - a potion of haste


   Skills:
 + Level 3.2 Fighting
 - Level 2.0 Short Blades
 + Level 2.2 Dodging
 + Level 6.8 Stealth


You had one spell level left.
You didn't know any spells.
Your spell library was empty.

Dungeon Overview and Level Annotations

Branches:
Dungeon (5/15)
 Temple: D:4-7

Altars:
Yredelemnul

Annotations:
D:5 1 runed translucent door


Innate Abilities, Weirdness & Mutations

You cannot wear most types of armour.
You are amphibious.
You can wear up to eight rings at the same time.
Your skin changes colour to match your surroundings (Stealth+).
Your rubbery body absorbs attacks. (AC +1, EV +1)
((You are camouflaged when in or above water. (Stealth+)))
You have tentacles for arms and can constrict up to eight enemies at once.


Message History

You have reached level 2!
HP restored.
A centaur comes into view.
Found a scroll labelled KEGUIX LIEFEKK.
A scorpion comes into view.
There are monsters nearby!
A jackal comes into view.
There are monsters nearby!
You hit the scorpion but do no damage. You grab the scorpion.
You constrict the scorpion, but do no damage.
The scorpion stings you.
You hit the scorpion but do no damage.
You constrict the scorpion, but do no damage.
The scorpion stings you.
You hit the scorpion but do no damage.
You constrict the scorpion, but do no damage.
The scorpion closely misses you.
You hit the scorpion.
The scorpion is lightly wounded.
You constrict the scorpion, but do no damage.
The scorpion misses you.
You hit the scorpion but do no damage.
The scorpion is lightly wounded.
You constrict the scorpion. The scorpion barely misses you.
The scorpion closely misses you.
You barely miss the scorpion.
The scorpion is lightly wounded.
You constrict the scorpion. The scorpion stings you.
You are poisoned.
The scorpion poisons you!
You hit the scorpion but do no damage.
The scorpion is moderately wounded.
You constrict the scorpion.
You feel sick. The scorpion stings you.
* * * LOW HITPOINT WARNING * * *
You hit the scorpion but do no damage.
The scorpion is moderately wounded.
You constrict the scorpion.
* * * LOW HITPOINT WARNING * * *
You feel sick. The scorpion stings you.
You die...

....########.######
.....# #........#
.....# ###.####.#
###..#######.# #.#
##.........# #.#
#.#..####..# #.#
##.#.# #..# #.#
#.#.# ##..####.#
#.#.# .......@.#
#.#.# ##..####s##
#.#.# #..# #..##
#.#.# #..#####..#
#.#.# ..P.......#
#.. P~~.~~s.♣..#
.♣~~.~?~~♣.#
~~~≈~~~~~~.#
h~~~≈~≈.~~.#


You could see a scorpion.

Vanquished Creatures
  An adder (D:5)
  A goblin zombie (D:5)
2 creatures vanquished.

Notes
Turn   | Place    | Note
-------+----------+-------------------------------------------
     0 | D:5      | leafyfresh the Octopode Delver began the quest for the Orb.
     0 | D:5      | Reached XP level 1. HP: 16/16 MP: 1/1
     0 | D:5      | Found a runed translucent door.
     0 | D:5      | Noticed a human
    14 | D:5      | Found a basalt altar of Yredelemnul.
    59 | D:5      | Reached XP level 2. HP: 18/21 MP: 2/2
   105 | D:5      | Noticed a centaur
   106 | D:5      | Noticed a scorpion
   119 | D:5      | Slain by a scorpion

Illustrated notes

Levels and vault maps discovered:
D:5:      layout_loops_ring, dk_yredelemnul_ordeal, serial_bayou_pond_b,
          eino_small_chamber_without_monster

Action                   || total
-------------------------++-------
Melee: Short sword       ||    12
       Tentacles         ||     1
       Constrict         ||     1
 Stab: Sleeping          ||     1
Dodge: Dodged            ||     5
